 Dungeon Crawl Stone Soup version 0.27-a0-899-ge2d0b17c59 (webtiles) character file.

Game seed: 13952481998573894165

92 mhtbhm the Covered (level 4, -1/28 HPs)
             Began as a Gargoyle Fighter on Apr 5, 2021.
             Slain by Natasha (6 damage)
             ... on level 2 of the Dungeon.
             The game lasted 00:01:48 (2812 turns).

mhtbhm the Covered (Gargoyle Fighter)               Turns: 2812, Time: 00:01:48

Health: -1/28      AC: 11    Str: 19 (20) XL:     4   Next: 60%
Magic:  4/4        EV:  7    Int:  6 (9)  God:
Gold:   81         SH:  9    Dex:  7 (9)  Spells: 3/3 levels left

rFire    . . .     SeeInvis .   a - +0 flail
rCold    . . .     Faith    .   c - +0 kite shield
rNeg     + . .     Spirit   .   b - +0 scale mail
rPois    ∞         Reflect  .   m - +0 helmet
rElec    +         Harm     .   (no cloak)
rCorr    .         Rampage  .   (no gloves)
Will     .....                  (no boots)
Stlth    ..........             (no amulet)
HPRegen  0.09/turn              (no ring)
MPRegen  0.09/turn              (no ring)

@: slowed, very slow
A: AC +3, negative energy resistance 1, electricity resistance, torment
resistance 1, unbreathing 1, petrification resistance
a: no special abilities


You were on level 2 of the Dungeon.
You visited 1 branch of the dungeon, and saw 2 of its levels.

You collected 81 gold pieces.

Inventory:

Hand Weapons
 a - a +0 flail (weapon)
Armour
 b - a +0 scale mail (worn)
 c - a +0 kite shield (worn)
 m - a +0 helmet (worn)
Scrolls
 e - a scroll of fear {unknown}
 f - 3 scrolls of identify {unknown}
 k - a scroll of vulnerability {unknown}
Potions
 d - a potion of might
 g - a potion of curing {unknown}
 h - a potion of berserk rage {unknown}
 i - 3 potions of degeneration
 j - a potion of ambrosia {unknown}
 l - a potion of attraction {unknown}


   Skills:
 + Level 3.5 Fighting
 + Level 2.8 Maces & Flails
 + Level 4.2 Armour
 + Level 0.7 Dodging
 + Level 0.3 Stealth
 + Level 3.9 Shields


You had 3 spell levels left.
You didn't know any spells.
Your spell library contained the following spells:

 Spells                   Type           Power      Damage    Failure   Level
 Magic Dart               Conj           0%         1d3       99%         1
 Blink                    Tloc           N/A        N/A       100%        2
 Call Imp                 Summ           0%         N/A       100%        2
 Slow                     Hex            0%         N/A       100%        2
 Confusing Touch          Hex            0%         N/A       100%        3
 Conjure Flame            Conj/Fire      0%         6-21      100%        3
 Gell's Gravitas          Tloc           0%         N/A       100%        3
 Mephitic Cloud           Conj/Pois/Air  0%         N/A       100%        3
 Petrify                  Tmut/Erth      0%         N/A       100%        4
 Metabolic Englaciation   Hex/Ice        0%         N/A       100%        5
 Yara's Violent Unravell  Hex/Tmut       0%         3d3       100%        5


Dungeon Overview and Level Annotations

Branches:
Dungeon (2/15)

Altars:
Makhleb

Annotations:
D:2 Natasha


Innate Abilities, Weirdness & Mutations

Your stone body is resilient. (AC +3)
You are immune to poison.
You resist negative energy. (rN+)
You are resistant to electric shocks. (rElec)
You are resistant to unholy torment.
You can survive without breathing.
You are immune to petrification.


Message History

You barely miss the iron imp.
The iron imp is heavily wounded.
Natasha claws you. The iron imp hits you!
* * * LOW HITPOINT WARNING * * *
You sock the iron imp!
You kill the iron imp!
Natasha stares at you and mumbles some strange words.
You resist with some effort.
You barely miss Natasha. Natasha barely misses you. You block Natasha's attack.
Unknown command.
You hit Natasha.
Natasha is moderately wounded.
Natasha stares at you and mumbles some strange words.
You feel yourself slow down.
You barely miss Natasha.
Natasha is moderately wounded.
Natasha barely misses you. x2; You block Natasha's attack.
You closely miss Natasha.
Natasha is moderately wounded.
Natasha claws you but does no damage. You block Natasha's attack.
You hit Natasha but do no damage.
Natasha is moderately wounded.
Natasha casts a spell at you.
You feel as though you will be slow longer.
Natasha claws you.
* * * LOW HITPOINT WARNING * * *
You barely miss Natasha.
Natasha is moderately wounded.
Natasha wildly gestures.
Natasha shimmers violently.
You block Natasha's attack. Natasha barely misses you.
You closely miss Natasha.
Natasha is moderately wounded.
Natasha claws you but does no damage. x3
You closely miss Natasha.
Natasha is moderately wounded.
Natasha stares at you and mumbles some strange words.
The magic dart hits you but does no damage.
Natasha claws you.
You die...

#.# #.##.##..................###
#.# #.##.##.....................
#.# #.##.##..........########)##
#.# #....##...........# #.# #.#
#.....'.........#.# #.##
#.####.#####.........#.## #...
#...)...# #######+#.#..########.
#..#############h............##..
................@...........>##..
#..##.##########.#.#.........##..
#..##..........#.#.#####.###.##..
#..##.#######.##.#.#####..##.##..
......# ####......#.......#.##..
#..#### #.........#.####..#.....
#..#######.#########.####..#.####
.............................#
#..#######'#########.#####...####


You could see Natasha.

Vanquished Creatures
  Natasha (D:2)
  Robin (D:2)
  An adder (D:2)
  A worm (D:2)
  3 ball pythons
  2 endoplasms
  4 giant cockroaches
  8 goblins (D:2)
  5 hobgoblins
  2 quokkas (D:1)
  5 bats
  2 frilled lizards
  4 kobolds
  6 rats
45 creatures vanquished.

Notes
Turn   | Place    | Note
-------+----------+-------------------------------------------
     0 | D:1      | mhtbhm the Gargoyle Fighter began the quest for the Orb.
     0 | D:1      | Reached XP level 1. HP: 14/14 MP: 1/1
   528 | D:1      | Reached XP level 2. HP: 19/19 MP: 2/2
  1369 | D:2      | Found a burning altar of Makhleb.
  1374 | D:2      | Reached XP level 3. HP: 19/23 MP: 3/3
  2047 | D:2      | Reached skill level 4 in Armour
  2096 | D:2      | Noticed Robin
  2104 | D:2      | Killed Robin
  2105 | D:2      | Reached XP level 4. HP: 25/28 MP: 4/4
  2211 | D:2      | Found a faded altar of an unknown god.
  2440 | D:2      | Noticed Natasha
  2460 | D:2      | Killed Natasha
  2794 | D:2      | Noticed Natasha
  2812 | D:2      | Slain by Natasha

Illustrated notes

Levels and vault maps discovered:
D:1:      sevenhm_arrival_forest_fort_large_1, layout_rooms,
          roderic_roman_lattice, skrybe_limestone_x
D:2:      layout_basic, basic_ecumenical_altar, basic_altar, uniq_natasha,
          uniq_robin

Skill      XL: |  1  2  3 |
---------------+----------+-----
Armour         | 4 |  4.2
Fighting       | |  3.5
Maces & Flails | |  2.8
Dodging        | |  0.7
Stealth        | |  0.3
Shields        | |  3.9

Action                   |  1- 3 |  4- 6 || total
-------------------------+-------+-------++-------
Melee: Flail             |   144 |    32 ||   176
  Use: Scroll            |     1 |       ||     1
       Potion            |       |     1 ||     1
Armor: Scale mail        |    76 |    23 ||    99
Dodge: Dodged            |    62 |    14 ||    76
Block: Kite shield       |    91 |    17 ||   108

Table legend: (Time is in decaauts)
 A = Elapsed time spent in this place.
 B = Non-inter-level travel time spent in this place.
 C = Inter-level travel time spent in this place.
 D = Time resting spent in this place.
 E = Time spent auto-exploring this place.
 F = Levels seen in this place.
 G = Mean time per level.
                   A        B        C        D        E       F      G
               +--------+--------+--------+--------+--------+-----+--------+
         Total |   2935 |   2935 |      0 |    210 |   2222 |   2 | 1467.5 |
       Dungeon |   2935 |   2935 |      0 |    210 |   2222 |   2 | 1467.5 |
               +--------+--------+--------+--------+--------+-----+--------+

Top non-repeatable levels by time:
     D:2: 1806 daAuts
     D:1: 1128 daAuts
